 Dungeon Crawl Stone Soup version 0.31.0-11-ge490571c62 (webtiles) character file.

Game seed: 1400652279562528755

6 qw the Shooter (level 1, -2/10 HPs)
             Began as a Spriggan Hunter on Feb 4, 2024.
             Slain by a goblin
             ... wielding a +0 dagger
              (4 damage)
             ... on level 1 of the Dungeon.
             The game lasted 00:00:00 (62 turns).

qw the Shooter (Spriggan Hunter)                      Turns: 62, Time: 00:00:00

Health: -2/10      AC:  2    Str:  7    XL:     1   Next: 75%
Magic:  2/2        EV: 18    Int: 10    God:
Gold:   0          SH:  0    Dex: 18    Spells: 0/0 levels left

rFire   . . .        a - +0 shortbow
rCold   . . .        (shield currently unavailable)
rNeg    . . .        c - +0 robe
rPois   .            (helmet restricted)
rElec   .            (no cloak)
rCorr   .            (gloves unavailable)
SInv    +            (boots unavailable)
Will    .....        (no amulet)
Stlth   ++           (no ring)
HPRegen 0.21/turn    (no ring)
MPRegen 0.08/turn

%: no passive effects
@: very quick
A: very small, no large weapons, unfitting armour, see invisible, speed 3
a: no special abilities


You were on level 1 of the Dungeon.
You visited 1 branch of the dungeon, and saw 1 of its levels.


Innate Abilities, Weirdness & Mutations

You are very small and have problems with some larger weapons.
You are too small for most types of armour.
You have supernaturally acute eyesight. (SInv)
You cover ground extremely quickly. (Speed+++)


   Skills:
 - Level 1.5 Fighting
 - Level 4.0 Ranged Weapons
 + Level 3.5 Dodging
 - Level 1.5 Stealth


You couldn't memorise any spells.
You didn't know any spells.
Your spell library was empty.

Inventory:

Hand Weapons
 a - a +0 shortbow (weapon)
Armour
 c - a +0 robe (worn)
Scrolls
 b - a scroll of butterflies
 d - a scroll of enchant armour {unknown}

Dungeon Overview and Level Annotations

Branches:
Dungeon (1/15)

Altars:


Message History

The frilled lizard bites you but does no damage.
The giant cockroach bites you but does no damage.
The frilled lizard completely misses you.
You shoot an arrow.
The arrow hits the giant cockroach but does no damage.
The giant cockroach bites you. The frilled lizard bites you.
The giant cockroach completely misses you.
You shoot an arrow. The arrow hits the giant cockroach.
You kill the giant cockroach!
The frilled lizard completely misses you.
Your Dodging skill increases to level 3!
You shoot an arrow. The arrow misses the frilled lizard.
The arrow barely misses the quokka.
The frilled lizard closely misses you.
You shoot an arrow. The arrow hits the dart slug.
The dart slug is heavily wounded.
The frilled lizard bites you. The dart slug misses you.
You shoot an arrow. The arrow hits the dart slug.
The dart slug is severely wounded.
You hear a shout!
The frilled lizard closely misses you. The dart slug launches a dart at you.
The slug dart misses you. The frilled lizard barely misses you.
You hear a shout!
You shoot an arrow. The arrow hits the dart slug.
You kill the dart slug!
The frilled lizard bites you.
A goblin comes into view. It is wielding a +0 dagger.
You shoot an arrow. The arrow hits the kobold.
The kobold is severely wounded.
The frilled lizard barely misses you. The kobold closely misses you.
You shoot an arrow. The arrow hits the kobold!
You kill the kobold!
The frilled lizard closely misses you.
A goblin comes into view. It is wielding a +0 dagger.
You shoot an arrow. The arrow hits the goblin.
The goblin is heavily wounded.
The frilled lizard completely misses you.
The goblin hits you with a +0 dagger.
You die...

... #. #...............
....#. #...............
..#.#. #..............|
......###......#........
##......................
#...w.....#.....#.......
#..#.B.r###.....#.....##
w.....#l# .....# ....
##..#.#@# #..... ...
#.g...# ..... ##
#..........#.
......#.....
#.....>....##
#......#..## #........ #
g.....## .


You could see a quokka, 2 goblins and a frilled lizard.

Vanquished Creatures
  A dart slug (D:1)
  A giant cockroach (D:1)
  A frilled lizard (D:1)
  2 kobolds (D:1)
5 creatures vanquished.

Notes
Turn   | Place    | Note
-------+----------+-------------------------------------------
     0 | D:1      | qw the Spriggan Hunter began the quest for the Orb.
     0 | D:1      | Reached XP level 1. HP: 10/10 MP: 2/2
     0 | D:1      | 0 ||| qw: Version: 0.3-a-160-g6735b56
     0 | D:1      | 0 ||| qw: Game counter: 5630
     0 | D:1      | 0 ||| qw: Melee chars always use a shield: true
     0 | D:1      | 0 ||| qw: God list: Okawaru
     0 | D:1      | 0 ||| qw: Allow faded altars: false
     0 | D:1      | 0 ||| qw: Do Orc after clearing Dungeon:15 true
     0 | D:1      | 0 ||| qw: Do second Lair branch before Depths: true
     0 | D:1      | 0 ||| qw: Lair rune preference: random
     0 | D:1      | 0 ||| qw: Goals: Normal
     0 | D:1      | 0 ||| PLANNING D:1-11
    44 | D:1      | 44 ||| RETREEEEATING.
    45 | D:1      | 45 ||| RETREEEEATING.
    50 | D:1      | 50 ||| RETREEEEATING.
    56 | D:1      | Reached skill level 3 in Dodging
    59 | D:1      | HP: 2/10 [frilled lizard (3)]
    62 | D:1      | Slain by a goblin

Levels and vault maps discovered:
D:1:      tarquinn_simple_flora_water_a, layout_rooms

Skill      XL: |  1 |
---------------+----+-----
Dodging        | 3 |  3.5
Fighting       | |  1.5
Ranged Weapons | |  4.0
Stealth        | |  1.5

Action                     || total
---------------------------++-------
   Fire: Shortbow          ||    22
 Armour: Robe              ||    11
  Dodge: Dodged            ||    29

Table legend:
 A = Non-vault XP
 B = Vault XP
 C = Vault XP percentage of total XP
 D = Non-vault monster count
 E = Vault monster count
 F = Vault count percentage of total count
                 A         B        C        D         E       F
            +---------+---------+-------+---------+---------+-------
      Total |       9 |       0 |   0.0 |       5 |       0 |   0.0
            +---------+---------+-------+---------+---------+-------
        D:1 |       9 |       0 |   0.0 |       5 |       0 |   0.0
            +---------+---------+-------+---------+---------+-------
